 Dungeon Crawl Stone Soup version 0.18.1-47-g9310371 (webtiles) character file.

119 Galewin the Grave Robber (level 4, 0/30 HPs)
             Began as a Demonspawn Necromancer on June 23, 2016.
             Slain by a river rat (6 damage)
             ... on level 3 of the Dungeon.
             The game lasted 00:18:28 (1925 turns).

Galewin the Grave Robber (Demonspawn Necromancer)   Turns: 1925, Time: 00:18:28

Health: 0/30       AC: 10    Str:  8    XL:     4   Next: 74%
Magic:  0/7        EV: 12    Int: 17    God:
Gold:   84         SH:  0    Dex: 12    Spells: 3 memorised, 3 levels left

rFire  . . .     SeeInvis .     (no weapon)
rCold  . . .     Gourm    .     a - +0 robe
rNeg   . . .     Faith    .     (no shield)
rPois  .         Spirit   .     (no helmet)
rElec  .         Dismiss  .     (no cloak)
rCorr  .         Reflect  .     e - +0 pair of gloves
SustAt .         Harm     .     (no boots)
MR     .....                    (no amulet)
Stlth  +.........               (no ring)
                                (no ring)

@: very slightly contaminated, not resistant to hostile enchantments, very
unstealthy
A: rough black scales 2
a: no special abilities


You were on level 3 of the Dungeon.
You were hungry.

You visited 1 branch of the dungeon, and saw 3 of its levels.

You collected 84 gold pieces.

Inventory:

Armour
 a - a +0 robe (worn)
 e - a +0 pair of gloves (worn)
Scrolls
 f - 2 scrolls of amnesia {unknown}
 i - a scroll of identify {unknown}
 j - a scroll of magic mapping {unknown}
 l - a scroll of recharging {unknown}
 r - a scroll of enchant armour {unknown}
 s - 3 scrolls of random uselessness {unknown}
 t - 2 scrolls of enchant weapon {unknown}
Potions
 d - a potion of agility {unknown}
 g - a potion of berserk rage {unknown}
 h - 2 potions of mutation {unknown}
 k - a potion of cure mutation {unknown}
 m - a potion of might {unknown}
 n - a potion of resistance {unknown}
 p - a potion of flight {unknown}
 u - a potion of curing {unknown}
 v - a potion of magic {unknown}
Books
 b - a book of Necromancy

   Spells                             Type                      Level
   a - Pain                           Necromancy                   1
   b - Animate Skeleton               Necromancy                   1
   c - Vampiric Draining              Necromancy                   3
   d - Regeneration                   Charms/Necromancy            3
   e - Animate Dead                   Necromancy                   4
   f - Control Undead                 Necromancy                   4
Comestibles
 c - 5 bread rations
 o - a beef jerky
 q - 3 chunks of flesh


   Skills:
 + Level 2.1 Dodging
 * Level 2.9 Stealth
 + Level 2.5 Spellcasting
 * Level 5.7 Necromancy


You had 3 spell levels left.
You knew the following spells:

 Your Spells              Type           Power        Failure   Level  Hunger
a - Animate Skeleton      Necr           N/A          1%          1    #......
e - Vampiric Draining     Necr           ###.......   8%          3    ###....
z - Pain                  Necr           ###.         1%          1    #......


Dungeon Overview and Level Annotations

Branches:
Dungeon (3/15)

Altars:


Innate Abilities, Weirdness & Mutations

You are mostly covered in rough black scales (AC +7, Dex -2).


Message History

Your unstable footing causes you to fumble your attack.
The river rat closely misses you.
You hit the river rat but do no damage.
The river rat is almost dead.
The river rat bites you.
* * * LOW HITPOINT WARNING * * *
The river rat barely misses you.
Casting: Pain
Confirm with . or Enter, or press ? or * to list all spells.
Aiming: Pain
Press: ? - help, Shift-Dir - straight line, f/p - river rat
Aim: a river rat (almost dead, chance to defeat MR: 86%)
The river rat barely resists.
The river rat bites you but does no damage.
You enter the shallow water.
Moving in this stuff is going to be slow.
The river rat bites you but does no damage.
The river rat bites you but does no damage.
The river rat bites you.
You die...

###### # ###### .#
##
.....######.#...#
####.........#
######.#.##
##%#######
#≈##≈≈r.r##
#≈#≈#####r# #≈#†#
#@# ########≈#≈#
#.# .......#≈#.#
#≈#
########≈#.###≈#≈#
#≈##≈≈≈r#≈#
#≈#######†# #
##≈≈≈ZZ≈.## #
######### # #.#


You could see a river rat and a rat.

Vanquished Creatures
  A river rat (D:3)
  4 adders (D:2)
  A worm (D:2)
  3 dart slugs
  A giant gecko (D:3)
  5 orcs (D:3)
  3 bats
  3 giant cockroaches
  8 goblins
  7 hobgoblins
  A quokka (D:3)
  3 giant newts
  2 kobolds
  13 rats
55 creatures vanquished.

Vanquished Creatures (collateral kills)
  An adder (D:3)
  A hobgoblin (D:3)
  A giant newt (D:3)
3 creatures vanquished.

Grand Total: 58 creatures vanquished

Notes
Turn   | Place    | Note
--------------------------------------------------------------
     0 | D:1      | Galewin the Demonspawn Necromancer began the quest for the Orb.
     0 | D:1      | Reached XP level 1. HP: 13/13 MP: 3/3
   110 | D:1      | Gained mutation: You are partially covered in rough black scales (AC +4, Dex -1). [demonic ancestry]
   110 | D:1      | Reached XP level 2. HP: 15/19 MP: 1/5
   206 | D:1      | Learned a level 1 spell: Animate Skeleton
   535 | D:2      | Reached skill level 5 in Necromancy
   690 | D:2      | Reached XP level 3. HP: 20/24 MP: 0/6
   695 | D:2      | Learned a level 3 spell: Vampiric Draining
  1228 | D:2      | Gained mutation: You are mostly covered in rough black scales (AC +7, Dex -2). [demonic ancestry]
  1228 | D:2      | Reached XP level 4. HP: 22/30 MP: 3/7
  1399 | D:3      | Found a faded altar to an unknown god.
  1925 | D:3      | Slain by a river rat

Skill      XL: |  1  2  3 |
---------------+----------+-----
Necromancy     | 5 |  5.7
Dodging        | 2 |  2.1
Stealth        | 2 |  2.9
Spellcasting   | |  2.5

Action                   |  1- 3 |  4- 6 || total
-------------------------+-------+-------++-------
Melee: Unarmed           |    31 |    59 ||    90
 Cast: Pain              |    57 |    40 ||    97
       Animate Skeleton  |     7 |     7 ||    14
       Vampiric Draining |       |     1 ||     1
  Eat: Chunk             |     2 |     2 ||     4
Armor: Robe              |    13 |    21 ||    34
Dodge: Dodged            |    16 |    40 ||    56
